 Dungeon Crawl Stone Soup version 0.27.1-16-g815e20cd7a (webtiles) character file.

Game seed: 10918895173217629698

1946 ghf the Spear-Bearer (level 8, -8/74 HPs)
             Began as a Minotaur Fighter on Nov 21, 2021.
             Was a Follower of Makhleb.
             Mangled by a skeletal warrior (14 damage)
             ... led by a skeletal warrior
             ... on level 6 of the Dungeon.
             The game lasted 00:21:45 (5081 turns).

ghf the Spear-Bearer (Minotaur Fighter)             Turns: 5081, Time: 00:21:45

Health: -8/74      AC:  8    Str: 22    XL:     8   Next: 98%
Magic:  0/7        EV: 10    Int:  5    God:    Makhleb [*.....]
Gold:   351        SH:  0    Dex: 11    Spells: 7/7 levels left

rFire    + . .     SeeInvis .   y - +1 halberd (flame)
rCold    . . .     Faith    .   (shield currently unavailable)
rNeg     . . .     Spirit   +   m - +2 ring mail {rF+}
rPois    .         Reflect  .   (helmet restricted)
rElec    .         Harm     .   (no cloak)
rCorr    +         Rampage  .   (no gloves)
Will     +....                  (no boots)
Stlth    +.........             h - amulet of guardian spirit
HPRegen  0.22/turn              a - ring of resist corrosion
MPRegen  0.10/turn              u - ring of willpower

@: about to teleport, flying
A: horns 2, retaliatory headbutt
a: Renounce Religion


You were on level 6 of the Dungeon.
You worshipped Makhleb.
Makhleb was aware of your devotion.
You visited 1 branch of the dungeon, and saw 9 of its levels.

You collected 351 gold pieces.

Inventory:

Hand Weapons
 y - a +1 halberd of flaming (weapon)
Missiles
 i - 7 boomerangs (quivered)
Armour
 m - a +2 ring mail of fire resistance (worn)
 A - +2 acid dragon scales
Jewellery
 a - a ring of resist corrosion (left hand)
 h - an amulet of guardian spirit (around neck)
 u - a ring of willpower (right hand)
Wands
 s - a wand of iceblast (11)
 v - a wand of flame (18)
Scrolls
 b - a scroll of blinking {unknown}
 d - 2 scrolls of enchant armour {unknown}
 e - a scroll of holy word {unknown}
 f - a scroll of enchant weapon {unknown}
 g - a scroll of amnesia {unknown}
 j - 4 scrolls of identify {unknown}
 n - a scroll of teleportation
 r - a scroll of fog {unknown}
 w - a scroll of noise {unknown}
Potions
 c - a potion of ambrosia {unknown}
 k - a potion of haste {unknown}
 l - a potion of invisibility {unknown}
 o - a potion of heal wounds {unknown}
 q - a potion of lignification {unknown}
 x - 2 potions of curing
 z - a potion of cancellation {unknown}


   Skills:
 + Level 7.7 Fighting
 * Level 9.8 Polearms
 + Level 3.1 Throwing
 + Level 6.4 Armour
 - Level 5.1 Shields


You had 7 spell levels left.
You didn't know any spells.
Your spell library contained the following spells:

 Spells                   Type           Power      Damage    Failure   Level
 Magic Dart               Conj           0%         1d3       63%         1
 Blink                    Tloc           N/A        N/A       77%         2
 Call Imp                 Summ           0%         N/A       77%         2
 Passwall                 Tmut/Erth      0%         N/A       77%         2
 Lesser Beckoning         Tloc           0%         N/A       94%         3
 Mephitic Cloud           Conj/Pois/Air  0%         N/A       94%         3
 Ozocubu's Armour         Ice            0%         N/A       94%         3
 Swiftness                Air            0%         N/A       94%         3
 Airstrike                Air            0%         N/A       100%        4
 Summon Lightning Spire   Summ/Air       0%         N/A       100%        4
 Lightning Bolt           Conj/Air       0%         1d11      100%        5
 Manifold Assault         Tloc           0%         N/A       100%        5
 Metabolic Englaciation   Hex/Ice        0%         N/A       100%        5
 Invisibility             Hex            0%         N/A       100%        6
 Simulacrum               Ice/Necr       0%         N/A       100%        6


Dungeon Overview and Level Annotations

Branches:
Dungeon (9/15)               Lair (0/6) D:9
 Temple: D:4-7          Orc: D:9-12

Altars:
Fedhas
Makhleb
Nemelex Xobeh
Ru
Trog

Shops:
D:5 *

Annotations:
D:3 5 runed translucent doors, MisterFreud's ghost, weakling MiAK


Innate Abilities, Weirdness & Mutations

You have a pair of horns on your head.
You reflexively headbutt those who attack you in melee.


Message History

Found 9 stones.
Found a scroll labelled QAROOPOEVO. 2 gnolls come into view.
Found a long sword.
The gnoll shouts! x2; You hear a shout! x2
A gnoll comes into view. It is wielding a +0 spear.
A gnoll sergeant comes into view. It is wielding a +0 spear.
A shadow imp comes into view.
There is an escape hatch in the ceiling here.
The shadow imp shouts!
The skeletal warrior hits you with a +0 flail!
A mysterious force pulls you upwards. The hatch slams shut behind you.
The skeletal warrior hits you with a +0 flail!
* * * LOW HITPOINT WARNING * * *
Okay, then.
Okay, then.
An ogre comes into view. It is wielding a +0 giant club.
The ogre shouts!
The ogre moves out of view.
A lemure and a zombie come into view.
The lemure shouts!
The centaur zombie moves out of view.
A lemure comes into view.
Press: ? - help, v - describe, . - travel
Here: a lemure The floor.
Okay, then.
Okay, then.
It was a potion of flight.
You feel very buoyant.
You fly up into the air.
The lemure shouts!
A lemure comes into view.
The skeletal warrior hits you with a +0 flail!!
* * * LOW HITPOINT WARNING * * *
Okay, then.
As you read the scroll labelled SUZYET HEUPERR, it crumbles to dust.
You feel strangely unstable.
It was a scroll of teleportation.
The skeletal warrior hits you with a +0 flail!
You die...

. #. #.. #..5 ....
.....#####
..............5...## ## .#
.............##Z@.O##.##...
.>...(.......####z..#..#...
.............# #.........
............# #......#..
...........# #......# ..
..........# ###....#....
..#.......##### ##........
.##....<..#.#.#####..##.....
.##............##.....#.....


You could see a skeletal warrior, an ogre, 2 lemures and a centaur zombie.

Vanquished Creatures
  Maggie (D:8)
  A troll (D:8)
  Sigmund (D:2)
  An orc warrior (D:6)
  2 ogres
  A centaur (D:5)
  A phantom (D:6)
  2 bullfrogs
  2 scorpions
  A gnoll sergeant (D:8)
  A wight (D:4)
  A howler monkey (D:5)
  2 jellies
  3 hounds
  A centaur skeleton (D:6)
  2 iguanas (D:5)
  Terence (D:3)
  2 orc wizards
  A howler monkey zombie (D:5)
  3 gnolls (D:8)
  3 adders
  A shadow imp (D:8)
  A white imp (D:6)
  An ufetubus (D:4)
  4 worms
  A dart slug (D:5)
  12 orcs
  3 endoplasms (D:1)
  3 giant cockroaches
  4 goblins
  6 hobgoblins
  A kobold (D:2)
  A quokka (D:4)
  4 ball pythons (D:1)
  5 bats
  A frilled lizard (D:1)
  5 rats
86 creatures vanquished.

Notes
Turn   | Place    | Note
-------+----------+-------------------------------------------
     0 | D:1      | ghf the Minotaur Fighter began the quest for the Orb.
     0 | D:1      | Reached XP level 1. HP: 19/19 MP: 0/0
   128 | D:1      | Reached skill level 3 in Polearms
   151 | D:1      | Reached XP level 2. HP: 27/27 MP: 1/1
   538 | D:2      | Found a burning altar of Makhleb.
   544 | D:2      | Became a worshipper of Makhleb the Destroyer
   617 | D:2      | Reached skill level 4 in Polearms
   617 | D:2      | Reached XP level 3. HP: 7/33 MP: 2/2
  1242 | D:2      | Noticed Sigmund
  1251 | D:2      | Killed Sigmund
  1252 | D:2      | Reached skill level 5 in Fighting
  1252 | D:2      | Reached skill level 5 in Polearms
  1252 | D:2      | Reached XP level 4. HP: 22/42 MP: 3/3
  1252 | D:2      | Reached XP level 5. HP: 26/48 MP: 4/4
  1447 | D:2      | You fall into a shaft and drop 2 floors!
  1526 | D:4      | Reached skill level 6 in Polearms
  1649 | D:4      | Reached XP level 6. HP: 51/56 MP: 5/5
  1815 | D:3      | Found a sacrificial altar of Ru.
  2048 | D:3      | Found a large runed translucent door.
  2048 | D:3      | Found a large runed translucent door.
  2133 | D:3      | Noticed Terence
  2137 | D:3      | Killed Terence
  2314 | D:3      | Noticed a moth of wrath
  2317 | D:3      | Found a bloodstained altar of Trog.
  2404 | D:3      | Found a runed translucent gate.
  2406 | D:3      | Found a runed translucent gate.
  2406 | D:3      | Noticed MisterFreud's ghost (weakling MiAK)
  2408 | D:3      | Found a runed translucent gate.
  2448 | D:3      | You fall into a shaft and drop 1 floor!
  2911 | D:5      | Entered Level 5 of the Dungeon
  2911 | D:5      | Found Ytyrule's Assorted Antiques.
  2930 | D:5      | Reached skill level 7 in Polearms
  3266 | D:5      | Reached XP level 7. HP: 61/62 MP: 6/6
  3822 | D:5      | Found a sparkling altar of Nemelex Xobeh.
  3837 | D:5      | Reached skill level 8 in Polearms
  4029 | D:6      | Reached skill level 5 in Armour
  4029 | D:6      | Reached skill level 5 in Shields
  4248 | D:6      | Reached XP level 8. HP: 71/71 MP: 7/7
  4290 | D:6      | Found a blossoming altar of Fedhas.
  4352 | D:6      | Reached skill level 1 in Throwing
  4529 | D:6      | You fall into a shaft and drop 2 floors!
  4529 | D:8      | Noticed a skeletal warrior
  4529 | D:8      | Noticed a skeletal warrior
  4529 | D:8      | Noticed a skeletal warrior
  4530 | D:8      | Noticed a skeletal warrior
  4557 | D:9      | Found a staircase to the Lair.
  4564 | D:9      | Reached * piety under Makhleb
  4725 | D:8      | Noticed a troll
  4734 | D:8      | Killed a troll
  4735 | D:8      | Reached skill level 9 in Polearms
  4795 | D:8      | Noticed Maggie
  4803 | D:8      | Killed Maggie
  5081 | D:6      | Mangled by a skeletal warrior

Illustrated notes

Levels and vault maps discovered:
D:1:      tarquinn_simple_flora_water_a, layout_basic
D:2:      layout_loops_corners, basic_altar, ebering_ecumenical_altar_box,
          minmay_tripent, uniq_crazy_yiuf_cottage, uniq_sigmund
D:3:      layout_loops_ring, mainiacjoe_overflow_24_doors,
          jmf_multi_god_temple2, tgw_trog, serial_shops,
          nicolae_shop_statue_plus, ebering_ghost_rock_garden,
          nicolae_underground_beach, uniq_terence
D:4:      layout_loops_corners
D:5:      layout_basic, mainiacjoe_overflow_cross_hatched,
          nicolae_take_the_stairs, corexii_shack
D:6:      layout_cave_pools, lemuel_coloured_pillars_altar,
          minmay_temple_entry_nine_rooms, uniq_pikel
D:7:      layout_basic, lemuel_tele_altar, gammafunk_ghost_hive, serial_shops,
          nicolae_shop_behind_doors, uniq_menkaure
D:8:      layout_gridville, eino_jars, uniq_erica, uniq_maggie
D:9:      layout_roguey, lair_entry_dummy, minmay_circle_x

Skill      XL: |  1  2  3  4  5  6  7  8 |
---------------+-------------------------+-----
Polearms       | 3 4 5 6 7 8 9 |  9.8
Fighting       | 4 5 6 7 |  7.7
Armour         | 4 5 6 |  6.4
Shields        | 4 5 |  5.1
Throwing       | 3 |  3.1

Action                   |  1- 3 |  4- 6 |  7- 9 || total
-------------------------+-------+-------+-------++-------
Melee: Trident           |    84 |    76 |    63 ||   223
       Headbutt          |     5 |    13 |    21 ||    39
       Halberd           |       |       |    61 ||    61
  Use: Potion            |     1 |     3 |     1 ||     5
       Scroll            |       |       |     1 ||     1
Armor: Scale mail        |    14 |       |       ||    14
       Ring mail         |       |    13 |    32 ||    45
Dodge: Dodged            |    16 |    21 |    40 ||    77
Block: Kite shield       |    39 |    22 |    35 ||    96
